 Dungeon Crawl Stone Soup version 0.28-a0-1344-g6b9ff3a05d (webtiles) character file.

Game seed: 8600843110670167323

45 Deminshera the Sneak (level 3, 22/28 HPs)
             Began as a Naga Hedge Wizard on Dec 29, 2021.
             Quit the game on level 1 of the Dungeon.
             The game lasted 00:04:06 (2509 turns).

Deminshera the Sneak (Naga Hedge Wizard)            Turns: 2509, Time: 00:04:07

Health: 22/28      AC:  2    Str: 12    XL:     3   Next: 64%
Magic:  7/7        EV:  9    Int: 16    God:
Gold:   45         SH:  0    Dex: 10    Spells: 5/8 levels left

rFire   . . .      SeeInvis +   d - +0 dagger (flame)
rCold   . . .      Faith    .   (no shield)
rNeg    . . .      Spirit   .   b - +0 robe
rPois   +          Reflect  .   c - +0 hat
rElec   .          Harm     .   (no cloak)
rCorr   .          Rampage  .   (no gloves)
Will    .....                   (no barding)
Stlth   ++........              (no amulet)
HPRegen 0.09/turn               (no ring)
MPRegen 0.10/turn               (no ring)

@: very slow
A: AC +1, large, see invisible, deformed body, poison resistance, slowness 2,
spit poison 1, naga tail 1
a: Spit Poison


You were on level 1 of the Dungeon.
You visited 1 branch of the dungeon, and saw 1 of its levels.

You collected 45 gold pieces.

Inventory:

Hand Weapons
 d - a +0 dagger of flaming (weapon)
Armour
 b - a +0 robe (worn)
 c - a +0 hat (worn)
Scrolls
 a - a scroll of immolation {unknown}
 e - a scroll of identify {unknown}


   Skills:
 - Level 1.6 Dodging
 + Level 3.9 Stealth
 + Level 3.3 Spellcasting
 + Level 1.7 Conjurations
 + Level 1.8 Summonings
 - Level 1.1 Translocations


You had 5 spell levels left.
You knew the following spells:

 Your Spells              Type           Power      Damage    Failure   Level
a - Magic Dart            Conj           32%        1d4       9%          1
b - Call Imp              Summ           8%         N/A       13%         2

Your spell library contained the following spells:

 Spells                   Type           Power      Damage    Failure   Level
 Blink                    Tloc           12%        N/A       17%         2
 Slow                     Hex            8%         N/A       19%         1
 Conjure Flame            Conj/Fire      5%         6-21      36%         3
 Mephitic Cloud           Conj/Pois/Air  4%         N/A       41%         3


Dungeon Overview and Level Annotations

Branches:
Dungeon (1/15)

Altars:


Innate Abilities, Weirdness & Mutations

Your serpentine skin is tough. (AC +1)
You have supernaturally acute eyesight. (SInv)
Armour fits poorly on your strangely shaped body.
Your system is resistant to poisons. (rPois)
You cover ground very slowly.
You can spit poison.
You have a snake-like lower body.


Message History

Aiming: Spit Poison (2% risk of failure)
Press: ? - help, Shift-Dir - straight line, f - jackal
Aim: a jackal (severely wounded, ally target)
The splash of poison hits the jackal!
You kill the jackal!
You start resting.
Your white imp disappears in a puff of smoke!
You have got your breath back.
You start resting.
Magic restored.
You start resting.
HP restored.
You start waiting.
Done waiting.
You start waiting.
Done waiting.
You enter the shallow water.
Moving in this stuff is going to be slow.
A rat comes into view.
A rat is nearby!
A rat is nearby!
You hit the rat. You burn the rat.
You kill the rat!
No target in view!
No target in view!
You start waiting.
Done waiting.
A ball python comes into view.
The ball python hisses angrily.
A ball python is nearby!
This spell is extremely dangerous to cast!
Memorise Mephitic Cloud, consuming 3 spell levels and leaving 2? [Y]es or [N]o only, please.
Memorise Mephitic Cloud, consuming 3 spell levels and leaving 2?
You start memorising the spell.
You continue memorising.
The ball python bites you.
Your memorisation is interrupted.
Unknown command.
The ball python barely misses you. The ball python bites you.
Unknown command.
Are you sure you want to abandon this character and quit the game? (Confirm with "yes".)

#.♣≈≈≈≈≈≈≈≈≈≈†♣
#.#.♣P≈≈≈≈≈≈≈≈≈P♣
#.#.♣♣≈P≈≈≈≈≈≈≈≈♣
#.#.♣♣≈≈≈≈≈≈≈≈≈≈♣
#.#.#♣♣≈≈≈≈≈≈≈≈♣♣
#.#.# ♣P≈≈≈≈≈♣♣♣
#.#.# ♣♣P≈≈≈♣♣
#S#.# ♣♣♣♣♣♣
#.@.# #####


You could see a ball python.

Vanquished Creatures
  3 dart slugs (D:1)
  2 endoplasms (D:1)
  4 goblins (D:1)
  4 hobgoblins (D:1)
  A jackal (D:1)
  2 kobolds (D:1)
  2 quokkas (D:1)
  A ball python (D:1)
  3 bats (D:1)
  A frilled lizard (D:1)
  4 rats (D:1)
27 creatures vanquished.

Vanquished Creatures (collateral kills)
  A dart slug (D:1)
  A hobgoblin (D:1)
  2 jackals (D:1)
  A frilled lizard (D:1)
  A kobold (D:1)
6 creatures vanquished.

Vanquished Creatures (others)
  3 plants (D:1)
3 creatures vanquished.

Grand Total: 36 creatures vanquished

Notes
Turn   | Place    | Note
-------+----------+-------------------------------------------
     0 | D:1      | Deminshera the Naga Hedge Wizard began the quest for the
                  | Orb.
     0 | D:1      | Reached XP level 1. HP: 15/15 MP: 4/4
   220 | D:1      | Reached XP level 2. HP: 10/22 MP: 0/6
   391 | D:1      | Learned a level 2 spell: Call Imp
  1115 | D:1      | Reached XP level 3. HP: 28/28 MP: 2/7
  1185 | D:1      | Found a faded altar of an unknown god.
  2509 | D:1      | Quit the game

Illustrated notes

Levels and vault maps discovered:
D:1:      dpeg_arrival_morbid_curiosity, layout_rooms, serial_bayou,
          serial_bayou_shore_a, serial_bayou_pond_e, serial_bayou_pond_a,
          serial_bayou_pond_b, serial_bayou_pond_d,
          chequers_ecumenical_altar_simple, feat_on_display

Action                   || total
-------------------------++-------
Melee: Dagger            ||    14
 Cast: Magic Dart        ||    45
       Call Imp          ||     6
 Abil: Spit Poison       ||    16
Armor: Robe              ||     4
Dodge: Dodged            ||    33

Table legend: (Time is in decaauts)
 A = Elapsed time spent in this place.
 B = Non-inter-level travel time spent in this place.
 C = Inter-level travel time spent in this place.
 D = Time resting spent in this place.
 E = Time spent auto-exploring this place.
 F = Levels seen in this place.
 G = Mean time per level.
                   A        B        C        D        E       F      G
               +--------+--------+--------+--------+--------+-----+--------+
         Total |   2707 |   2707 |      0 |   1753 |    700 |   1 | 2707.0 |
       Dungeon |   2707 |   2707 |      0 |   1753 |    700 |   1 | 2707.0 |
               +--------+--------+--------+--------+--------+-----+--------+

Top non-repeatable levels by time:
     D:1: 2707 daAuts
